 Dungeon Crawl Stone Soup version 0.23-a0-481-g60b89c1 (webtiles) character file.

135 XanderDroid the Digger (level 5, -4/37 HPs)
             Began as a Gnoll Wanderer on Nov 29, 2018.
             Slain by an ogre
             ... wielding a +0 giant club
              (16 damage)
             ... on level 4 of the Dungeon.
             The game lasted 00:10:33 (3312 turns).

XanderDroid the Digger (Gnoll Wanderer)             Turns: 3312, Time: 00:10:35

Health: -4/37      AC: 10    Str: 16    XL:     5   Next: 18%
Magic:  12/12      EV:  7    Int: 15    God:
Gold:   216        SH:  0    Dex: 13    Spells: 13/14 levels left

rFire    . . .     SeeInvis .   b - +2 blowgun
rCold    + . .     Gourm    .   (no shield)
rNeg     . . .     Faith    .   c - +1 chain mail {rC+}
rPois    .         Spirit   .   m - +0 helmet
rElec    .         Reflect  .   (no cloak)
rCorr    .         Harm     .   (no gloves)
MR       .....                  (no boots)
Stlth    ..........             (no amulet)
HPRegen  0.12/turn              (no ring)
MPRegen  0.13/turn              (no ring)

@: no status effects
A: distributed training, fangs 1, strong nose
a: no special abilities


You were on level 4 of the Dungeon.
You were hungry.

You visited 1 branch of the dungeon, and saw 4 of its levels.

You collected 216 gold pieces.

Inventory:

Hand Weapons
 a - a +0 short sword of speed
 b - a +2 blowgun (weapon)
Missiles
 i - 4 curare-tipped needles
 k - 6 poisoned needles (quivered)
Armour
 c - a +1 chain mail of cold resistance (worn)
 m - a +0 helmet (worn)
Scrolls
 h - a scroll of immolation {unknown}
 l - a scroll of blinking
 o - a scroll of fear {unknown}
 p - 2 scrolls of teleportation
 q - 2 scrolls of enchant armour {unknown}
 s - a scroll of remove curse {unknown}
 t - a scroll of magic mapping {unknown}
Potions
 d - 2 potions of lignification
 e - a potion of cancellation
 j - 2 potions of heal wounds
 n - a potion of mutation
 r - a potion of curing {unknown}
 u - a potion of degeneration {unknown}
Comestibles
 f - 7 rations


   Skills:
 + Level 1.3 Fighting
 + Level 1.3 Short Blades
 + Level 1.3 Long Blades
 + Level 1.3 Axes
 + Level 1.3 Maces & Flails
 + Level 1.3 Polearms
 + Level 1.3 Staves
 + Level 1.3 Slings
 + Level 1.3 Bows
 + Level 1.3 Crossbows
 + Level 2.9 Throwing
 + Level 1.3 Armour
 + Level 1.3 Dodging
 + Level 1.3 Stealth
 + Level 2.9 Shields
 + Level 1.3 Unarmed Combat
 + Level 5.1 Spellcasting
 + Level 1.1 Conjurations
 + Level 1.1 Hexes
 + Level 1.1 Charms
 + Level 3.9 Summonings
 + Level 1.1 Necromancy
 + Level 1.1 Translocations
 + Level 1.1 Transmutations
 + Level 1.1 Fire Magic
 + Level 1.1 Ice Magic
 + Level 1.1 Air Magic
 + Level 7.1 Earth Magic
 + Level 1.1 Poison Magic
 + Level 1.5 Invocations
 + Level 1.3 Evocations


You had 13 spell levels left.
You knew the following spells:

 Your Spells              Type           Power        Failure   Level  Hunger
a - Sting                 Conj/Pois      #...         90%         1    None

Your spell library contained the following spells:

 Spells                   Type           Power        Failure   Level  Hunger
 Static Discharge         Conj/Air       #.......     99%         3    ###....


Dungeon Overview and Level Annotations

Branches:
Dungeon (4/15)
 Temple: D:4-7

Altars:
Uskayaw

Annotations:
D:4 Edmund


Innate Abilities, Weirdness & Mutations

Your experience applies equally to all skills.
You have very sharp teeth.
Your uncanny sense of smell can sniff out nearby items.


Message History

The ogre hits you with a +0 giant club!
* * * LOW HITPOINT WARNING * * *
The ogre looks more healthy.
b - a +2 blowgun (weapon)
All of the chunks of flesh in your inventory have rotted away.
The ogre hits you but does no damage.
You are too injured to fight recklessly!
Firing (i - inventory. (/) - cycle)
k - 8 poisoned needles (quivered)
Press: ? - help, Shift-Dir - straight line, f/p - ogre
Aim: an ogre, wielding a +0 giant club (moderately wounded)
You shoot a poisoned needle.
The poisoned needle barely misses the ogre.
Firing (i - inventory. (/) - cycle)
k - 7 poisoned needles (quivered)
Press: ? - help, Shift-Dir - straight line, f/p - ogre
Aim: an ogre, wielding a +0 giant club (lightly wounded)
You shoot a poisoned needle. The poisoned needle hits the ogre.
The ogre is poisoned.
The ogre is lightly wounded.
The ogre hits you with a +0 giant club!
You die...

#..#.# ###.....$# #..#.#
##........# #..#.#
##........#
#..#.###..#).....#
#..#.##....<# .#
#.......#..#####.#
#.##.............#
#########(########.#######
...............O@..#
..........##########
###########


You could see an ogre.

Vanquished Creatures
  A worker ant (D:4)
  An adder (D:3)
  3 gnolls
  An adder skeleton (D:4)
  2 worms
  4 leopard geckos
  An orc (D:3)
  7 bats
  5 giant cockroaches
  6 goblins
  9 hobgoblins
  4 kobolds
  2 quokkas
  3 ball pythons
  3 frilled lizards
  A leopard gecko skeleton (D:4)
  6 rats
59 creatures vanquished.

Notes
Turn   | Place    | Note
-------+----------+-------------------------------------------
     0 | D:1      | XanderDroid the Gnoll Wanderer began the quest for the Orb.
     0 | D:1      | XanderDroid set off with the following items: 4
                  | curare-tipped needles, a +2 blowgun, a potion of
                  | lignification, a +0 robe, a ration; and the following spell
                  | memorised: Sting; and the following spells available to
                  | memorise: Static Discharge
     0 | D:1      | Reached XP level 1. HP: 13/13 MP: 6/6
   257 | D:1      | Reached XP level 2. HP: 17/19 MP: 7/7
  1237 | D:2      | Reached XP level 3. HP: 20/25 MP: 9/9
  1295 | D:2      | Reached skill level 5 in Spellcasting
  1482 | D:1      | Reached skill level 1 in Invocations
  1632 | D:1      | Reached skill level 1 in Fighting
  1632 | D:1      | Reached skill level 1 in Short Blades
  1632 | D:1      | Reached skill level 1 in Long Blades
  1632 | D:1      | Reached skill level 1 in Axes
  1632 | D:1      | Reached skill level 1 in Maces & Flails
  1632 | D:1      | Reached skill level 1 in Polearms
  1632 | D:1      | Reached skill level 1 in Staves
  1632 | D:1      | Reached skill level 1 in Slings
  1632 | D:1      | Reached skill level 1 in Bows
  1632 | D:1      | Reached skill level 1 in Crossbows
  1632 | D:1      | Reached skill level 1 in Armour
  1632 | D:1      | Reached skill level 1 in Dodging
  1632 | D:1      | Reached skill level 1 in Stealth
  1632 | D:1      | Reached skill level 1 in Unarmed Combat
  1632 | D:1      | Reached skill level 1 in Evocations
  1728 | D:2      | Reached XP level 4. HP: 28/32 MP: 11/11
  2248 | D:3      | Noticed a +0 hand axe
  2250 | D:3      | Noticed a +0 hand axe
  2252 | D:3      | Found a hide-covered altar of Uskayaw.
  2481 | D:3      | Reached skill level 1 in Conjurations
  2481 | D:3      | Reached skill level 1 in Hexes
  2481 | D:3      | Reached skill level 1 in Charms
  2481 | D:3      | Reached skill level 1 in Necromancy
  2481 | D:3      | Reached skill level 1 in Translocations
  2481 | D:3      | Reached skill level 1 in Transmutations
  2481 | D:3      | Reached skill level 1 in Fire Magic
  2481 | D:3      | Reached skill level 1 in Ice Magic
  2481 | D:3      | Reached skill level 1 in Air Magic
  2481 | D:3      | Reached skill level 1 in Poison Magic
  2910 | D:4      | Noticed Edmund
  3044 | D:4      | Reached XP level 5. HP: 34/37 MP: 12/12
  3198 | D:4      | Noticed an ogre
  3312 | D:4      | Slain by an ogre

Vault maps used:
D:1:      dpeg_arrival_round_a, kennysheep_nondescript
D:2:      first_ration, nrook_uturn
D:3:      dancing_weapons_uskayaw
D:4:      sigmund_army, uniq_eustachio, uniq_blork_the_orc, uniq_edmund,
          uniq_natasha

Skill      XL: |  1  2  3  4 |
---------------+-------------+-----
Spellcasting   | 5 |  5.1
Invocations    | 1 |  1.5
Fighting       | 1 |  1.3
Short Blades   | 1 |  1.3
Long Blades    | 1 |  1.3
Axes           | 1 |  1.3
Maces & Flails | 1 |  1.3
Polearms       | 1 |  1.3
Staves         | 1 |  1.3
Slings         | 1 |  1.3
Bows           | 1 |  1.3
Crossbows      | 1 |  1.3
Armour         | 1 |  1.3
Dodging        | 1 |  1.3
Stealth        | 1 |  1.3
Unarmed Combat | 1 |  1.3
Evocations     | 1 |  1.3
Conjurations   | 1 |  1.1
Hexes          | 1 |  1.1
Charms         | 1 |  1.1
Necromancy     | 1 |  1.1
Translocations | 1 |  1.1
Transmutations | 1 |  1.1
Fire Magic     | 1 |  1.1
Ice Magic      | 1 |  1.1
Air Magic      | 1 |  1.1
Poison Magic   | 1 |  1.1
Throwing       | |  2.9
Shields        | |  2.9
Summonings     | |  3.9
Earth Magic    | |  7.1

Action                   |  1- 3 |  4- 6 || total
-------------------------+-------+-------++-------
Melee: Unarmed           |     8 |       ||     8
       Dagger            |    43 |       ||    43
       Club              |     6 |       ||     6
       Short sword       |   128 |   140 ||   268
       Bite              |    15 |     7 ||    22
 Fire: Blowgun           |       |     4 ||     4
  Use: Scroll            |       |     5 ||     5
  Eat: Chunk             |     3 |     4 ||     7
Armor: Chain mail        |   134 |    70 ||   204
Dodge: Dodged            |    52 |    43 ||    95

Table legend:
 A = Non-vault XP
 B = Vault XP
 C = Vault XP percentage of total XP
 D = Non-vault monster count
 E = Vault monster count
 F = Vault count percentage of total count
                 A         B        C        D         E       F
            +---------+---------+-------+---------+---------+-------
      Total |     193 |       0 |   0.0 |      59 |       0 |   0.0
            +---------+---------+-------+---------+---------+-------
        D:1 |      58 |       0 |   0.0 |      22 |       0 |   0.0
        D:2 |      45 |       0 |   0.0 |      17 |       0 |   0.0
        D:3 |      40 |       0 |   0.0 |      13 |       0 |   0.0
        D:4 |      50 |       0 |   0.0 |       7 |       0 |   0.0
            +---------+---------+-------+---------+---------+-------
